 Dungeon Crawl Stone Soup version 0.30-a0-347-gf58ed5266c (webtiles) character file.

Game seed: 6430453715857195079

135 ParallaxScroll the Stinger (level 5, -1/66 HPs)
             Began as a Naga Venom Mage on Nov 6, 2022.
             Was a Follower of Uskayaw.
             Slain by Menkaure (23 damage)
             ... on level 4 of the Dungeon.
             The game lasted 00:32:54 (4391 turns).

ParallaxScroll the Stinger (Naga Venom Mage)        Turns: 4391, Time: 00:32:54

Health: -1/66      AC:  3    Str: 10    XL:     5   Next: 18%
Magic:  3/8        EV: 10    Int: 16    God:    Uskayaw [*.....]
Gold:   199        SH:  0    Dex: 13    Spells: 5/8 levels left

rFire   . . .      SeeInvis +    a - +2 dagger (venom)
rCold   . . .      Faith    .    (no shield)
rNeg    . . .      Spirit   .    j - +0 robe
rPois   +          Reflect  .    (no helmet)
rElec   .          Harm     .    (no cloak)
rCorr   .          Rampage  .    g - +0 pair of gloves
Will    .....                    (no barding)
Stlth   ..........               (no amulet)
HPRegen 0.31/turn                (no ring)
MPRegen 0.11/turn                (no ring)

@: berserking, quick
A: AC +1, large, see invisible, deformed body, poison resistance, slowness 2,
spit poison 1, naga tail 1
a: Spit Poison, Renounce Religion, Stomp


You were on level 4 of the Dungeon.
You worshipped Uskayaw.
Uskayaw was noncommittal.
You visited 1 branch of the dungeon, and saw 4 of its levels.

You collected 199 gold pieces.

Inventory:

Hand Weapons
 a - a +2 dagger of venom (weapon)
 b - a +0 sling
 h - a +0 whip of freezing
 o - a +0 hand axe
 p - a +0 short sword
 z - a +0 war axe
 D - a +0 long sword
Missiles
 k - 14 stones
 A - 6 javelins
Armour
 g - a +0 pair of gloves (worn)
 i - a +2 ring mail of willpower
 j - a +0 robe (worn)
 m - a +0 leather armour
Magical Staves
 c - a staff of death
Jewellery
 q - an amulet of guardian spirit
Wands
 w - a wand of flame (39)
Scrolls
 d - a scroll of teleportation
 e - a scroll of noise {unknown}
 l - 2 scrolls of vulnerability
 n - 3 scrolls of amnesia
 s - 2 scrolls of summoning {unknown}
 v - 2 scrolls of magic mapping {unknown}
 x - a scroll of blinking {unknown}
 y - a scroll of fog {unknown}
 B - a scroll of acquirement {unknown}
 G - a scroll of poison {unknown}
Potions
 f - a potion of magic
 t - a potion of curing
 u - a potion of cancellation
 C - a potion of heal wounds {unknown}
 E - a potion of haste {unknown}
 F - 2 potions of brilliance {unknown}


   Skills:
 - Level 1.0 Fighting
 + Level 1.5 Short Blades
 + Level 1.3 Ranged Weapons
 - Level 1.5 Dodging
 - Level 3.0 Stealth
 - Level 2.0 Spellcasting
 - Level 1.0 Transmutations
 + Level 1.0 Air Magic
 + Level 5.9 Poison Magic
 + Level 0.9 Evocations


You had 5 spell levels left.
You knew the following spells:

 Your Spells              Type           Power      Damage    Failure   Level
a - Sting                 Tmut/Pois      48%        1d5       4%          1
b - Poisonous Vapours     Pois/Air       24%        N/A       8%          2

Your spell library contained the following spells:

 Spells                   Type           Power      Damage    Failure   Level
 Olgreb's Toxic Radiance  Pois           20%        N/A       19%         4
 Kiss of Death            Conj/Necr      4%         2d5       21%         1
 Mephitic Cloud           Conj/Pois/Air  9%         N/A       24%         3
 Confusing Touch          Hex            1%         N/A       52%         3
 Dispel Undead            Necr           1%         3d6       90%         4


Dungeon Overview and Level Annotations

Branches:
Dungeon (4/15)
 Temple: D:4-7

Altars:
Uskayaw

Annotations:
D:4 exclusions: black bear and orc priest, Menkaure


Innate Abilities, Weirdness & Mutations

Your serpentine skin is tough. (AC +1)
You have supernaturally acute eyesight. (SInv)
Armour fits poorly on your strangely shaped body.
Your system is resistant to poisons. (rPois)
You cover ground very slowly.
You can spit poison.
You have a snake-like lower body.


Message History

Menkaure calls on the powers of darkness!
Your body is wracked with pain!
You hit Menkaure.
Menkaure is lightly damaged.
Menkaure barely misses you. Menkaure hits you but does no damage.
You hit Menkaure.
Menkaure is moderately damaged.
Menkaure closely misses you.
You hit Menkaure.
Menkaure is heavily damaged.
Menkaure calls on the powers of darkness!
Your body is wracked with pain!
You can now pass through a line of other dancers.
Okay, then.
Aiming: Line Pass
Press: ? - help, Dir - move target, f/p - Menkaure
Aim: Menkaure (heavily damaged, fast)
You can't stand on top of the monster!
Aiming: Line Pass
Press: ? - help, Dir - move target, p - Menkaure Menkaure appears confused.
You can no longer pass through a line of other dancers.
Menkaure laughs crazily.
Things that are here:
a +0 club; a goblin corpse Your +2 dagger of venom begins to drip with poison!
a - a +2 dagger of venom (weapon)
Menkaure seems less confused.
You hit Menkaure but do no damage.
Menkaure is heavily damaged.
Menkaure closely misses you.
You hit Menkaure.
Menkaure is severely damaged.
Menkaure hits you.
A red film seems to cover your vision as you go berserk!
You feel yourself moving faster!
You feel mighty! Menkaure closely misses you.
You barely miss Menkaure.
Menkaure is severely damaged.
Menkaure hits you!!
You die...

#.. #..# #.. #..# #..
+... #.. #+## #..
###### #.. #....#
##'#####....#
#......'....#
#...@M.#....#
#......#....# .....)
##.##.###..## .....
...#.##.####+######....
#.....................
#......>.....#####....
+............#(..#....
#.......)....#(..#....
#.########...#####....


You could see Menkaure (fast).

Vanquished Creatures
  3 adders
  4 worms
  3 dart slugs
  3 orcs
  3 bats (D:3)
  11 endoplasms
  6 giant cockroaches
  8 goblins
  6 hobgoblins
  2 jackals (D:1)
  6 kobolds
  3 quokkas
  13 ball pythons
  A frilled lizard (D:1)
  7 rats
79 creatures vanquished.

Notes
Turn   | Place    | Note
-------+----------+-------------------------------------------
     0 | D:1      | ParallaxScroll the Naga Venom Mage began the quest for the
                  | Orb.
     0 | D:1      | Reached XP level 1. HP: 15/15 MP: 3/3
   440 | D:1      | Reached XP level 2. HP: 24/24 MP: 5/5
   443 | D:1      | Learned a level 2 spell: Poisonous Vapours
   477 | D:1      | Reached skill level 1 in Fighting
   732 | D:1      | Reached skill level 1 in Short Blades
  1057 | D:1      | Reached XP level 3. HP: 31/31 MP: 6/6
  1288 | D:1      | Reached skill level 5 in Poison Magic
  2783 | D:2      | Reached XP level 4. HP: 38/38 MP: 7/7
  3460 | D:3      | Reached skill level 1 in Ranged Weapons
  3714 | D:3      | Reached XP level 5. HP: 44/44 MP: 8/8
  4007 | D:4      | Reached skill level 1 in Air Magic
  4211 | D:4      | Noticed a black bear
  4315 | D:4      | Noticed a +0 dagger
  4317 | D:4      | Found a hide-covered altar of Uskayaw.
  4317 | D:4      | Noticed a +0 dagger
  4331 | D:4      | Became a worshipper of Uskayaw the Reveller
  4370 | D:4      | Noticed Menkaure
  4379 | D:4      | Reached * piety under Uskayaw
  4384 | D:4      | Reached ** piety under Uskayaw
  4391 | D:4      | Slain by Menkaure

Illustrated notes

Levels and vault maps discovered:
D:1:      reono_arrival_mine, layout_loops_corners
D:2:      layout_basic
D:3:      minmay_chambers_of_threes, layout_rooms, serial_aquarium,
          aquarium_bridge_square [aquarium_subvault_wall,
          aquarium_subvault_window, aquarium_subvault_bridge,
          aquarium_subvault_bridge], aquarium_bridge_square
          [aquarium_subvault_bridge, aquarium_subvault_bridge,
          aquarium_subvault_window, aquarium_subvault_wall],
          aquarium_window_fake, aquarium_window_1, aquarium_view_2c,
          aquarium_view_2a, aquarium_balcony_3a, aquarium_pool_S
D:4:      layout_gridville, dancing_weapons_uskayaw, nrook_mini_backslash,
          kennysheep_another_room, uniq_menkaure

Skill      XL: |  1  2  3  4  5 |
---------------+----------------+-----
Fighting       | 1 |  1.0
Short Blades   | 1 |  1.5
Poison Magic   | 5 |  5.9
Ranged Weapons | 1 |  1.3
Air Magic      | 1 |  1.0
Dodging        | |  1.5
Stealth        | |  3.0
Spellcasting   | |  2.0
Transmutations | |  1.0
Evocations     | |  0.9

Action                   |  1- 3 |  4- 6 || total
-------------------------+-------+-------++-------
Melee: Short sword       |    16 |       ||    16
       Dagger            |    12 |    57 ||    69
       Staff             |       |     5 ||     5
 Fire: Sling             |    20 |    27 ||    47
 Cast: Sting             |    23 |     9 ||    32
       Poisonous Vapours |     3 |     1 ||     4
Invok: Line Pass         |       |     1 ||     1
 Abil: Spit Poison       |    25 |     7 ||    32
  Use: Scroll            |     5 |     1 ||     6
       Potion            |       |     1 ||     1
 Stab: Sleeping          |     2 |     2 ||     4
Armor: Robe              |     8 |    11 ||    19
Dodge: Dodged            |    15 |    18 ||    33

Table legend: (Time is in decaauts)
 A = Elapsed time spent in this place.
 B = Non-inter-level travel time spent in this place.
 C = Inter-level travel time spent in this place.
 D = Time resting spent in this place.
 E = Time spent auto-exploring this place.
 F = Levels seen in this place.
 G = Mean time per level.
                   A        B        C        D        E       F      G
               +--------+--------+--------+--------+--------+-----+--------+
         Total |   5334 |   5189 |    145 |   1574 |   3011 |   4 | 1333.5 |
       Dungeon |   5334 |   5189 |    145 |   1574 |   3011 |   4 | 1333.5 |
               +--------+--------+--------+--------+--------+-----+--------+

Top non-repeatable levels by time:
     D:1: 2079 daAuts
     D:2: 1422 daAuts
     D:3: 1228 daAuts
     D:4: 605 daAuts
